 Dungeon Sprint DCSS version 0.30-a0-269-gf0224bf7b6 (webtiles) character file.

Game seed: 5052424181951297931

2 fingers the Trooper (level 1, -8/17 HPs)
             Began as a Draconian Monk on Oct 14, 2022.
             Was a Believer of Hepliaklqana.
             Mangled by a +0 vorpal long sword (23 damage)
             ... in the Dungeon (Sprint V: "Ziggurat Sprint").
             The game lasted 00:01:23 (113 turns).

fingers the Trooper (Draconian Monk)                 Turns: 113, Time: 00:01:23

Health: -8/17      AC:  4    Str: 13    XL:     1   Next: 25%
Magic:  1/1        EV:  6    Int: 10    God:    Hepliaklqana [**....]
Gold:   0          SH: 25    Dex: 13    Spells: 0/0 levels left

rFire   . . .      SeeInvis +    B - +14 obsidian axe {vorpal, Mesm Drain Fly SInv}
rCold   . . .      Faith    .    z - +18 shield of the Gong {rElec rN+ Will+ EV-5}
rNeg    + . .      Spirit   .    (body armour unavailable)
rPois   .          Reflect  .    (helmet restricted)
rElec   +          Harm     .    (no cloak)
rCorr   .          Rampage  .    (no gloves)
Will    +....      NoTele   +    (no boots)
Stlth   ++........               (no amulet)
HPRegen 0.22/turn                (no ring)
MPRegen 0.07/turn                (no ring)

@: flying, mesmerised
A: reduced essence, AC +4, unfitting armour, cold-blooded
a: Renounce Religion, Recall Ancestor, Ancestor Identity


You were in the Dungeon.
You worshipped Hepliaklqana.
Hepliaklqana was pleased with you.
You visited 1 branch

Inventory:

Hand Weapons
 A - the +7 Singing Sword {vorpal, sonic wave}
   (You found it in the Dungeon)

   It inflicts extra damage upon your enemies.
   It radiates damaging sonic waves as it strikes, especially in combat
   involving dangerous or numerous foes.
 B - the +14 obsidian axe (weapon) {vorpal, Mesm Drain Fly SInv}
   (You found it in the Dungeon)

   It inflicts extra damage upon your enemies.
   It occasionally summons demons to assist the wielder when it strikes in
   combat.
   Its wielder is mesmerised by any visible foes.
   It cannot be unequipped while any foes are visible.
   SInv:      It lets you see invisible.
   Fly:       It grants you flight.
   Drain:     It drains your maximum health when unequipped.
 C - the +3 giant club "Skullcrusher" {speed, Str+7}
   (You found it in the Dungeon)

   Attacks with this weapon are significantly faster.
   Str:       It affects your strength (+7).
Armour
 z - the +18 shield of the Gong (worn) {rElec rN+ Will+ EV-5}
   (You found it in the Dungeon)

   It is deafeningly noisy when blocking attacks.
   EV:        It affects your evasion (-5).
   rElec:     It insulates you from electricity.
   rN:        It protects you from negative energy.
   Will:      It increases your willpower.
Jewellery
 q - a ring of flight
 r - a +6 ring of dexterity
 s - a +6 ring of dexterity
 t - a +6 ring of intelligence
 u - a +6 ring of intelligence
 v - a +6 ring of strength
 w - a +6 ring of strength
Wands
 x - a wand of mindburst (7) (quivered)
 y - a wand of quicksilver (7)
Scrolls
 g - 4 scrolls of blinking
 m - 4 scrolls of amnesia
 n - 7 scrolls of butterflies
 o - 5 scrolls of identify
 p - 2 scrolls of fear
Potions
 a - a potion of ambrosia
 b - 10 potions of curing
 c - 10 potions of heal wounds
 d - 6 potions of haste
 e - 7 potions of magic
 f - 3 potions of berserk rage
 h - 2 potions of brilliance
 i - 2 potions of invisibility
 j - 4 potions of resistance
 k - a potion of experience
 l - 5 potions of might


   Skills:
 + Level 3.5 Fighting
 + Level 3.1 Dodging
 + Level 1.8 Stealth
 + Level 3.2 Unarmed Combat


You couldn't memorise any spells.
You didn't know any spells.
Your spell library was empty.

Dungeon Overview and Level Annotations

Branches:
Dungeon (1/1)

Altars:
Ashenzari
Cheibriados
Dithmenos
Elyvilon
Fedhas
Gozag
Hepliaklqana
Kikubaaqudgha
Makhleb
Nemelex Xobeh
Okawaru
Qazlal
Ru
Sif Muna
Trog
Uskayaw
Vehumet
Wu Jian
Xom
Yredelemnul
Zin
The Shining One
Jiyva
Lugonu

Annotations:
D 1 transporter


Innate Abilities, Weirdness & Mutations

Your life essence is reduced to manifest your ancestor. (-10% HP)
Your plain brown scales are hard. (AC +4)
You cannot fit into any form of body armour.
You are cold-blooded and may be slowed by cold attacks.


Message History

You block the ball python zombie's attack.
PANG!
You block the ball python zombie's attack.
PANG!
Fongers points at the ball python zombie and mumbles some strange words.
The stone arrow hits the ball python zombie!
You are no longer entranced.
The ball python zombie is destroyed!
Your Dodging skill increases to level 3!
You see here the +3 giant club "Skullcrusher" {speed, Str+7}.
You swap places.
You see here the +3 giant club "Skullcrusher" {speed, Str+7}.
C - the +3 giant club "Skullcrusher" {speed, Str+7}
There is a transporter here.
Welcome to arena 2.
You enter the transporter and appear at another place.
A deep elf pyromancer, a +0 vorpal long sword and a deep elf zephyrmancer come into view.
Visions of slaying the +0 vorpal long sword flood into your mind.
The deep elf zephyrmancer shouts!
The deep elf pyromancer shouts!
Found three items.
Found a transporter.
Fongers casts a spell at the deep elf pyromancer.
The puff of frost misses the deep elf pyromancer.
You closely miss the +0 vorpal long sword.
You block the +0 vorpal long sword's attack.
GONNNNG!
The +0 vorpal long sword hits you.
The deep elf pyromancer casts a spell.
The deep elf pyromancer blinks!
Fongers casts a spell at the deep elf pyromancer.
The puff of frost misses the deep elf pyromancer.
You block the +0 vorpal long sword's attack.
PTOANNNG!
The deep elf pyromancer mumbles some strange words.
The deep elf pyromancer blinks!
The deep elf zephyrmancer hits you with a +0 rapier.
You barely miss the +0 vorpal long sword.
You hit the deep elf pyromancer. You slash the deep elf zephyrmancer!
The +0 vorpal long sword hits you!!
Ouch! That really hurt!
You die...

▓▓▓▓▓▓▓▓▓▓▓▓▓
▓.8©8.▓.8©8.▓
▓.):).▓.....▓
▓.....▓...[.▓
▓.....▓.....▓
▓.R(e.▓.....▓
▓..@..▓..©..▓
▓..e..▓▓▓▓▓▓▓
▓▓▓▓▓▓▓


You could see the friendly Fongers the battlemage, a deep elf pyromancer (ally
target), a deep elf zephyrmancer and a +0 vorpal long sword (mesmerising).

Vanquished Creatures (collateral kills)
  A bat skeleton (D)
  A ball python zombie (D)
2 creatures vanquished.

Notes
Turn   | Place    | Note
-------+----------+-------------------------------------------
     0 | D        | fingers the Draconian Monk began the quest for the Orb.
     0 | D        | Reached XP level 1. HP: 19/19 MP: 1/1
     0 | D        | Found a shimmering blue altar of Sif Muna.
     0 | D        | Found a bloodstained altar of Trog.
     0 | D        | Found a sacrificial altar of Ru.
     0 | D        | Found a stormy altar of Qazlal.
     0 | D        | Found an iron altar of Okawaru.
     1 | D        | Found a sparkling altar of Nemelex Xobeh.
     1 | D        | Found a blossoming altar of Fedhas.
     1 | D        | Found the +6 Majin-Bo {vamp, MP+6 Int+6}
     1 | D        | Found the +9 heavy crossbow "Sniper" {vorpal, Acc+∞ SInv}
     1 | D        | Found the +10 dark maul {vorpal}
     1 | D        | Found the +15 Maxwell's patent armour {-Cast -Tele rElec
                  | Will+ rCorr}
     1 | D        | Found the +18 shield of the Gong {rElec rN+ Will+ EV-5}
     1 | D        | Found the +14 obsidian axe {vorpal, Mesm Drain Fly SInv}
     1 | D        | Found the +7 great mace "Firestarter" {inner flame, rF++}
     1 | D        | Found the +6 shillelagh "Devastator" {shatter}
     1 | D        | Found the +11 plutonium sword {Contam Stlth-}
     1 | D        | Found the +8 lance "Wyrmbane" {slay drac, rPois rF+ rC+
                  | AC+3}
     1 | D        | Found the +9 sword of Zonguldrok {reap}
     1 | D        | Found the +13 scythe of Curses {drain, Drain}
     1 | D        | Found the +5 sword of Power {vorpal}
     1 | D        | Found the +7 mace of Variability {chain chaos}
     1 | D        | Found the +7 Singing Sword {vorpal, sonic wave}
     1 | D        | Found the +8 storm bow {elec, penet}
     3 | D        | Found a transporter.
     3 | D        | Found an ancient bone altar of Kikubaaqudgha.
     3 | D        | Found a viscous altar of Jiyva.
     3 | D        | Found a corrupted altar of Lugonu.
     3 | D        | Found a hazy altar of Hepliaklqana.
     3 | D        | Found a burning altar of Makhleb.
     3 | D        | Found an opulent altar of Gozag.
    85 | D        | Became a worshipper of Hepliaklqana the Forgotten
    85 | D        | Reached * piety under Hepliaklqana
    85 | D        | Reached ** piety under Hepliaklqana
    89 | D        | Remembered your ancestor Fongers as a battlemage
    97 | D        | Entered arena 2.
    97 | D        | Found the +3 giant club "Skullcrusher" {speed, Str+7}
    97 | D        | Found a transporter.
   110 | D        | Entered arena 3.
   110 | D        | Noticed a deep elf pyromancer
   110 | D        | Noticed a +0 vorpal long sword
   110 | D        | Noticed a deep elf zephyrmancer
   110 | D        | Found a transporter.
   113 | D        | Mangled by a +0 vorpal long sword

Illustrated notes

Levels and vault maps discovered:
D:        sprint_v [room_start, room_1, room_2, room_3, room_4, room_5, room_6,
          room_7, room_8, room_9, room_10, room_11, room_12, room_13, room_14,
          room_15, room_16, room_17, room_18, room_19, room_20, room_21,
          room_22, room_23, room_24, room_25, room_26, room_27]

Skill      XL: |  1 |
---------------+----+-----
Dodging        | 3 |  3.1
Fighting       | |  3.5
Stealth        | |  1.8
Unarmed Combat | |  3.2

Action                   || total
-------------------------++-------
Melee: Broad axe         ||     2
Invok: Ancestor Life: Ba ||     1
       Ancestor Identity ||     1
Block: Kite shield       ||     6

Table legend: (Time is in decaauts)
 A = Elapsed time spent in this place.
 B = Non-inter-level travel time spent in this place.
 C = Inter-level travel time spent in this place.
 D = Time resting spent in this place.
 E = Time spent auto-exploring this place.
 F = Levels seen in this place.
 G = Mean time per level.
                   A        B        C        D        E       F      G
               +--------+--------+--------+--------+--------+-----+--------+
         Total |    113 |    113 |      0 |      0 |      0 |   1 |  113.0 |
       Dungeon |    113 |    113 |      0 |      0 |      0 |   1 |  113.0 |
               +--------+--------+--------+--------+--------+-----+--------+

Top non-repeatable levels by time:
       D: 113 daAuts
